[Event "ICC tourney 1904 (10 3)"]
[Site "Internet Chess Club"]
[Date "2020.07.05"]
[Round "6"]
[White "NSXchessplayer"]
[Black "andrewhzhang"]
[Result "1/2-1/2"]
[ICCResult "Game drawn by mutual agreement"]
[WhiteElo "1413"]
[BlackElo "1578"]
[Opening "Giuoco Pianissimo: Italian four knights variation"]
[ECO "C50"]
[NIC "IG.02"]
[Time "15:11:24"]
[TimeControl "600+3"]

1. e4 e5 2. Nf3 Nc6 3. Bc4 Bc5 4. Nc3 Nf6 5. d3 d6 6. h3 h6 7. Be3 Bb6 8.
Qd2 Be6 9. Bb3 O-O 10. O-O d5 11. exd5 Nxd5 12. Nxd5 Bxd5 13. Bxd5 Qxd5 14.
a3 Qd7 15. Rfe1 Rfe8 16. Re2 Rad8 17. Rd1 Qf5 18. Bxb6 axb6 19. Rde1 f6 20.
Qc3 Kh7 21. Qc4 Rd7 22. Qe4 Qxe4 23. Rxe4 Rde7 24. g4 Nd8 25. d4 Nc6 26.
dxe5 Nxe5 27. Nxe5 Rxe5 28. Rxe5 Rxe5 29. Rxe5 fxe5 30. Kg2 Kg6 31. Kf3 Kf6
32. Ke4 Ke6 33. c4 c6 34. b4 g6 35. h4 Kf6 36. a4 g5 37. hxg5+ hxg5 38. f3
Ke6 39. Kd3 {Game drawn by mutual agreement} 1/2-1/2

[Event "ICC tourney 1904 (10 3)"]
[Site "Internet Chess Club"]
[Date "2020.07.05"]
[Round "6"]
[White "MonkeyTown"]
[Black "Aidenrchess"]
[Result "0-1"]
[ICCResult "White resigns"]
[WhiteElo "1358"]
[BlackElo "1449"]
[Opening "Colle system"]
[ECO "D05"]
[NIC "QP.06"]
[Time "15:11:03"]
[TimeControl "600+3"]

1. d4 Nf6 2. Nf3 e6 3. e3 d5 4. Bd3 c5 5. c3 Nc6 6. Nbd2 Bd6 7. dxc5 Bxc5 8.
e4 O-O 9. e5 Ng4 10. O-O Ngxe5 11. Nxe5 Nxe5 12. Bb1 Ng6 13. Bxg6 hxg6 14.
Nf3 Be7 15. Ne5 Bf6 16. Bf4 Bd7 17. Re1 Bc6 18. Qe2 Qe7 19. Rad1 Rad8 20.
Qe3 g5 21. Bg3 Bxe5 22. Qxe5 Rfe8 23. Qd4 b6 24. Be5 f6 25. Bg3 e5 26. Qg4
Qe6 27. Qe2 Qf7 28. h3 Rd7 29. Qc2 Rde7 30. Qf5 Bd7 31. Qc2 g6 32. Qd2 Bc6
33. Qc2 Kg7 34. a3 f5 35. Qd2 f4 36. Bh2 Qf6 37. f3 e4 38. fxe4 dxe4 39. Qd4
e3 40. Qxf6+ Kxf6 41. Rd6+ Re6 42. Rdd1 R8e7 43. Rd8 Re8 44. Rd4 Re4 45.
Rd6+ R8e6 46. Rd8 Be8 47. Rd5 R4e5 48. Rd4 Re7 49. Rd6+ R5e6 50. Rd5 Rd7 51.
Rxd7 Bxd7 52. Kf1 Bb5+ 53. Kg1 Kf5 54. h4 g4 55. Kh1 g3 56. Bg1 Re7
{White resigns}
0-1

[Event "ICC tourney 1904 (10 3)"]
[Site "Internet Chess Club"]
[Date "2020.07.05"]
[Round "6"]
[White "MGrei"]
[Black "pipandchuk"]
[Result "0-1"]
[ICCResult "White checkmated"]
[WhiteElo "1250"]
[BlackElo "1306"]
[Opening "Ruy Lopez: Berlin defense, 4.O-O, d6"]
[ECO "C66"]
[NIC "RL.07"]
[Time "15:11:19"]
[TimeControl "600+3"]

1. e4 e5 2. Nf3 Nc6 3. Bb5 Nf6 4. O-O d6 5. d4 Bd7 6. dxe5 Nxe5 7. Bxd7+
Qxd7 8. Nxe5 dxe5 9. Qxd7+ Nxd7 10. Nc3 Bc5 11. Nd5 O-O-O 12. b4 Bd6 13. c4
c6 14. c5 cxd5 15. cxd6 dxe4 16. Be3 Kb8 17. f4 exf3 18. Rxf3 f6 19. Bc5 Rc8
20. Rc3 b6 21. Rb3 bxc5 22. bxc5+ Ka8 23. Rab1 Nxc5 24. Rb5 Rhd8 25. Rc1 Ne6
26. Rcb1 Rxd6 27. h3 Rdc6 28. Kh2 Nd4 29. R5b2 Rb6 30. Rxb6 axb6 31. Rxb6
Ka7 32. Rd6 Rc7 33. Rd5 Kb6 34. Rd8 Ra7 35. Rd6+ Kc7 36. Rd5 Rxa2 37. Rc5+
Kd7 38. Rd5+ Ke6 39. Rc5 Ra7 40. Rc4 Ne2 41. Rc6+ Kf5 42. g4+ Kg5 43. Rc2
Nf4 44. Kg3 Ra3+ 45. Kf2 Nxh3+ 46. Ke2 Nf4+ 47. Kf2 Kxg4 48. Ke1 Rg3 49. Kf1
g5 50. Rh2 h5 51. Kf2 h4 52. Kf1 Ra3 53. Kg1 Ra1+ 54. Kf2 Ra2+ 55. Kg1 Nh3+
56. Kh1 Ra1+ 57. Kg2 Rg1# {White checkmated} 0-1

[Event "ICC tourney 1904 (10 3)"]
[Site "Internet Chess Club"]
[Date "2020.07.05"]
[Round "6"]
[White "hackerguru"]
[Black "MIEMBR"]
[Result "1-0"]
[ICCResult "Black forfeits on time"]
[WhiteElo "1438"]
[BlackElo "1556"]
[Opening "English opening"]
[ECO "A05"]
[NIC "QP.11"]
[Time "15:11:25"]
[TimeControl "600+3"]

1. Nf3 Nf6 2. c4 e6 3. e3 d5 4. b3 Be7 5. Bb2 O-O 6. Be2 c5 7. O-O Nc6 8. d4
cxd4 9. Nxd4 Bd7 10. cxd5 Nxd5 11. Nd2 Rc8 12. N2f3 a6 13. Rc1 Bf6 14. Nxc6
Bxc6 15. Bxf6 Qxf6 16. Nd4 Bd7 17. Bf3 Bc6 18. Nxc6 bxc6 19. Qe2 Rfd8 20.
Qxa6 Nb4 21. Qc4 Nd5 22. Rfd1 h6 23. h3 Qb2 24. Rc2 Qa3 25. Rcd2 Re8 26. e4
Nf4 27. Qc1 Qe7 28. Rd7 Qg5 29. Kh2 Qf6 30. Qa1 Qg5 31. g3 Ng6 32. Bg2 Ne5
33. f4 Qh5 34. Qxe5 Qe2 35. R1d2 Qa6 36. Rc7 f6 37. Qh5 Rf8 38. Rxg7+ Kxg7
39. Rd7+ {Black forfeits on time} 1-0

[Event "ICC tourney 1904 (10 3)"]
[Site "Internet Chess Club"]
[Date "2020.07.05"]
[Round "6"]
[White "Nacaroa-Dan"]
[Black "capetarget"]
[Result "0-1"]
[ICCResult "White resigns"]
[WhiteElo "1436"]
[BlackElo "1490"]
[Opening "Bishop's opening/Petrov: Urusov gambit"]
[ECO "C24"]
[NIC "IG.04"]
[Time "15:11:25"]
[TimeControl "600+3"]

1. e4 e5 2. Bc4 Nf6 3. d4 exd4 4. Nf3 Nxe4 5. Qxd4 Nf6 6. O-O Be7 7. Re1 O-O
8. Bf4 Nc6 9. Qe3 Re8 10. Qd2 d5 11. Bb5 Bg4 12. Bxc6 bxc6 13. Nd4 c5 14.
Nb5 Bd6 15. Rxe8+ Nxe8 16. Nxd6 Nxd6 17. Qxd5 Rb8 18. b3 Qf6 19. Be5 Re8 20.
f4 Qh4 21. Nd2 Nf5 22. Nf3 Qh5 23. Rf1 Ne3 24. Qc6 f6 25. Re1 Nxc2 26. Rc1
Bxf3 27. gxf3 Qg6+ 28. Kh1 fxe5 29. Rxc2 Qxc6 {White resigns} 0-1

[Event "ICC tourney 1904 (10 3)"]
[Site "Internet Chess Club"]
[Date "2020.07.05"]
[Round "6"]
[White "Jeffchess"]
[Black "HenriVZ"]
[Result "0-1"]
[ICCResult "White resigns"]
[WhiteElo "1341"]
[BlackElo "1479"]
[Opening "Three knights game"]
[ECO "C46"]
[NIC "KP.06"]
[Time "15:11:05"]
[TimeControl "600+3"]

1. e4 e5 2. Nf3 Nc6 3. Nc3 Bb4 4. Nd5 Ba5 5. c3 Nf6 6. Bc4 d6 7. b4 Bb6 8.
d3 Nxd5 9. Bxd5 O-O 10. Bg5 Qe8 11. b5 Na5 12. c4 c6 13. bxc6 bxc6 14. Be3
cxd5 15. cxd5 Bg4 16. O-O f6 17. h3 Bh5 18. g4 Bg6 19. Qd2 Qd7 20. Nh4 Bf7
21. Nf5 Bg6 22. Kh2 Nb7 23. Rg1 Bxe3 24. Qxe3 Nc5 25. h4 Bxf5 26. gxf5 Qf7
27. Rg4 Qb7 28. Rag1 Rf7 29. Qh6 Nxd3 30. Qe3 Nf4 31. Rxf4 exf4 32. Qxf4 Qe7
33. h5 Qe5 34. Kg3 Qxf4+ 35. Kxf4 Rb8 36. a4 Rb2 37. f3 Ra2 38. Rc1 Rxa4 39.
Rc6 Rd7 40. Kg4 a5 41. Ra6 Ra1 42. Kf4 a4 43. Ke3 a3 44. Kd3 a2 45. Kc2 Rb7
46. f4 Rf1 47. e5 a1=Q 48. Rxa1 Rxa1 49. e6 Ra5 50. Kd3 Rxd5+ 51. Ke4 Ra5
52. Kd4 Rxf5 53. e7 Rxe7 54. h6 Rxf4+ 55. Kd5 Re5+ 56. Kxd6 Rd4+ 57. Kc6 Re1
58. Kc5 Rd8 59. Kc6 Rc1+ 60. Kb7 Rd2 61. Kb6 Rb2+ {White resigns} 0-1

[Event "ICC tourney 1904 (10 3)"]
[Site "Internet Chess Club"]
[Date "2020.07.05"]
[Round "6"]
[White "IndianTerritory"]
[Black "tigerche207"]
[Result "1-0"]
[ICCResult "Black checkmated"]
[WhiteElo "1665"]
[BlackElo "1490"]
[Opening "Giuoco Pianissimo"]
[ECO "C50"]
[NIC "IG.02"]
[Time "15:11:05"]
[TimeControl "600+3"]

1. e4 e5 2. Nf3 Nc6 3. Bc4 Bc5 4. d3 Nf6 5. O-O d6 6. c3 a6 7. Bb3 O-O 8. d4
Ba7 9. Bg5 h6 10. Bxf6 Qxf6 11. dxe5 dxe5 12. Nbd2 Be6 13. Bxe6 Qxe6 14. Qc2
Rad8 15. Rfd1 Ne7 16. a3 Ng6 17. Nb3 Nf4 18. Ne1 Qg4 19. Kf1 Qh5 20. Kg1 f5
21. Rxd8 Rxd8 22. exf5 Rf8 23. Nd2 Qg4 24. Ne4 Rxf5 25. Kh1 Qh4 26. Rd1 Ne6
27. Nf3 Rxf3 28. gxf3 Qh3 29. Ng3 Nf4 30. Rd8+ Kf7 31. Qf5+ Qxf5 32. Nxf5
Bxf2 33. Ng3 Ke7 34. Rg8 Kf7 35. Rc8 Ne6 36. b4 Be3 37. Rb8 b6 38. Ra8 Ng5
39. Rxa6 Nxf3 40. Ra7 g5 41. Rxc7+ Ke6 42. a4 Kd6 43. Rf7 Nh4 44. Rf6+ Kd5
45. Nf1 Bf4 46. a5 bxa5 47. bxa5 e4 48. a6 e3 49. a7 e2 50. a8=Q+ Kc5 51.
Qc6# {Black checkmated} 1-0

[Event "ICC tourney 1904 (10 3)"]
[Site "Internet Chess Club"]
[Date "2020.07.05"]
[Round "6"]
[White "aquilesboy"]
[Black "Benranger2011"]
[Result "0-1"]
[ICCResult "White resigns"]
[WhiteElo "1377"]
[BlackElo "1462"]
[Opening "English opening"]
[ECO "A20"]
[NIC "EO.24"]
[Time "15:11:44"]
[TimeControl "600+3"]

1. c4 e5 2. g3 Nf6 3. Bg2 d5 4. cxd5 Nxd5 5. Nf3 Nc6 6. O-O Nf6 7. d3 Bc5 8.
Nbd2 Be6 9. Ng5 Bd7 10. Nc4 Qe7 11. a3 a5 12. Be3 O-O 13. Rc1 a4 14. Nf3
Bxe3 15. Nxe3 Rfc8 16. Qc2 Nd4 17. Nxd4 exd4 18. Nd5 Nxd5 19. Bxd5 c6 20.
Bf3 Re8 21. Rfe1 h6 22. Qc5 Qxc5 23. Rxc5 Be6 24. e3 Ra6 25. exd4 Rd8 26. d5
Bxd5 27. Bxd5 cxd5 28. d4 Rb6 29. Re2 Rdd6 30. Kf1 g5 31. g4 Rb3 32. Ra5 b5
33. Ra8+ Kg7 34. Rae8 Rd3 35. Rb8 Rd1+ 36. Kg2 Rxd4 37. h3 b4 38. axb4 Rd1
39. b5 d4 40. Rbe8 d3 41. Re1 Rd2 42. R8e3 Rxb2 43. Rd1 Rb3 44. b6 a3 45. b7
a2 46. Rexd3 Rdxd3 47. Rxd3 Rxd3 48. b8=Q a1=Q {White resigns} 0-1

[Event "ICC tourney 1904 (10 3)"]
[Site "Internet Chess Club"]
[Date "2020.07.05"]
[Round "6"]
[White "messyblaster"]
[Black "PawnPower17"]
[Result "0-1"]
[ICCResult "White forfeits on time"]
[WhiteElo "1331"]
[BlackElo "1381"]
[Opening "Dutch with c4 & Nc3"]
[ECO "A85"]
[NIC "HD.05"]
[Time "15:11:22"]
[TimeControl "600+3"]

1. d4 f5 2. c4 Nf6 3. Nc3 e6 4. Bg5 Be7 5. Nf3 O-O 6. e3 c6 7. Bd3 d5 8.
cxd5 exd5 9. Qc2 Ne4 10. Bxe7 Qxe7 11. O-O-O Be6 12. Ne5 Nd7 13. f4 Nxe5 14.
dxe5 b5 15. Rdf1 a5 16. Ne2 b4 17. Nd4 c5 18. Nxe6 Qxe6 19. Bxe4 dxe4 20.
Kb1 c4 21. Rc1 Rfc8 22. Qa4 Qb6 23. Rhe1 c3 24. b3 Qa6 25. Qd7 Rd8 26. Qxf5
Qd3+ {White forfeits on time} 0-1

[Event "ICC tourney 1904 (10 3)"]
[Site "Internet Chess Club"]
[Date "2020.07.05"]
[Round "6"]
[White "spaceegg"]
[Black "ChessMonkey123"]
[Result "0-1"]
[ICCResult "White checkmated"]
[WhiteElo "1154"]
[BlackElo "1364"]
[Opening "Scotch game"]
[ECO "C45"]
[NIC "SO.05"]
[Time "15:11:23"]
[TimeControl "600+3"]

1. e4 e5 2. Nf3 Nc6 3. d4 exd4 4. Nxd4 Bc5 5. Be3 Qf6 6. c3 Nge7 7. Qf3 Qxf3
8. Nxf3 Bxe3 9. fxe3 d6 10. h3 O-O 11. Nbd2 Ng6 12. Bd3 Nge5 13. Bc2 Be6 14.
b3 Rad8 15. O-O-O h6 16. g4 b5 17. g5 h5 18. Rdg1 b4 19. c4 a5 20. Nh4 g6
21. Nhf3 Nxf3 22. Nxf3 a4 23. bxa4 Bxc4 24. Bb3 Na5 25. Nd2 Nxb3+ 26. axb3
Ba6 27. Nf3 Rfe8 28. Nd2 Bd3 29. Re1 Bxe4 30. Rhf1 Bg2 31. Rf6 Bxh3 32. Nf3
Bg4 33. Nd4 c5 34. Nb5 d5 35. Nd6 Re7 36. e4 dxe4 37. Rxe4 Rxe4 38. Nxe4 Rd5
39. a5 c4 40. a6 Rd1+ 41. Kb2 c3+ 42. Ka2 c2 43. Rc6 c1=Q 44. Nf6+ Kg7 45.
Rxc1 Rxc1 46. a7 Rc8 47. Nd7 Bxd7 48. Kb2 Ra8 49. Kc2 Rxa7 50. Kd3 Bb5+ 51.
Kc2 Rc7+ 52. Kb2 Bd3 53. Ka2 Rc1 54. Kb2 Rc2+ 55. Ka1 Rc3 56. Kb2 Bb5 57.
Ka2 h4 58. Kb2 h3 59. Ka2 h2 60. Kb2 h1=Q 61. Ka2 Rc2# {White checkmated}
0-1

[Event "ICC tourney 1904 (10 3)"]
[Site "Internet Chess Club"]
[Date "2020.07.05"]
[Round "6"]
[White "saisneha"]
[Black "PhaseShift"]
[Result "1-0"]
[ICCResult "Black resigns"]
[WhiteElo "1464"]
[BlackElo "1510"]
[Opening "Bogo-Indian defense, Nimzovich variation"]
[ECO "E11"]
[NIC "QI.01"]
[Time "15:11:22"]
[TimeControl "600+3"]

1. d4 Nf6 2. c4 e6 3. Nf3 Bb4+ 4. Bd2 Qe7 5. g3 Nc6 6. Bg2 Bxd2+ 7. Qxd2 Ne4
8. Qc2 Qb4+ 9. Nbd2 Nxd2 10. Qxd2 Qxd2+ 11. Kxd2 d6 12. e4 e5 13. d5 Nb8 14.
b4 a5 15. a3 Na6 16. Rab1 axb4 17. axb4 Bg4 18. Kc3 O-O 19. h3 Bd7 20. g4 b5
21. Nd2 bxc4 22. Nxc4 Bb5 23. h4 Rfb8 24. Rhf1 Bxc4 25. Kxc4 Rb6 26. f4 f6
27. fxe5 fxe5 28. g5 Rab8 29. b5 Nc5 30. h5 Ra8 31. Ra1 Rbb8 32. g6 Nd7 33.
Rxa8 Rxa8 34. Bh3 Nf6 35. Be6+ Kh8 36. gxh7 Kxh7 37. Kb4 Rf8 38. Bf5+ Kh6
39. Rc1 Nxd5+ 40. exd5 Rxf5 41. Rxc7 Rf4+ 42. Rc4 Rf1 43. b6 Rb1+ 44. Ka5
Kxh5 45. Rb4 Ra1+ 46. Kb5 Ra8 47. b7 Rb8 48. Kc6 g5 49. Kc7 Rxb7+ 50. Kxb7
g4 51. Kc6 g3 52. Kxd6 g2 53. Rb1 e4 54. Ke5 e3 55. d6 Kg4 56. d7 Kf3 57.
d8=Q Kf2 58. Qf6+ {Black resigns} 1-0

[Event "ICC tourney 1904 (10 3)"]
[Site "Internet Chess Club"]
[Date "2020.07.05"]
[Round "6"]
[White "Harbingerman"]
[Black "oxdidi"]
[Result "0-1"]
[ICCResult "White checkmated"]
[WhiteElo "934"]
[BlackElo "1108"]
[Opening "Queen's pawn: London system"]
[ECO "A45"]
[NIC "QP.07"]
[Time "15:11:15"]
[TimeControl "600+3"]

1. d4 Nf6 2. Bf4 g6 3. e3 Bg7 4. Be2 d6 5. h3 O-O 6. Nf3 Nbd7 7. c4 b6 8.
Nbd2 Bb7 9. g4 h6 10. h4 Nxg4 11. d5 c6 12. e4 Bxb2 13. Nh2 Nxh2 14. Rxh2
Bxa1 15. Qxa1 Kh7 16. Nf3 Nf6 17. Ng5+ Kg7 18. Ne6+ fxe6 19. dxe6 c5 20. Qc1
Ng8 21. Rg2 Bxe4 22. Rg4 Bf5 23. Rg3 Bxe6 24. Bd2 Bd7 25. Bd3 Bf5 26. Bxf5
Rxf5 27. Qc3+ Nf6 28. Qe3 Re5 29. Qe2 Rxe2+ 30. Kxe2 Ne4 31. Re3 Nxd2 32.
Kxd2 e5 33. Kd3 Qxh4 34. f3 Qd4+ 35. Ke2 Qxc4+ 36. Kf2 Qxa2+ 37. Kg3 Qe6 38.
Re2 h5 39. Rf2 h4+ 40. Kh2 h3 41. Rf1 Qa2+ 42. Kh1 Qg2# {White checkmated}
0-1

[Event "ICC tourney 1904 (10 3)"]
[Site "Internet Chess Club"]
[Date "2020.07.05"]
[Round "6"]
[White "Grinch81"]
[Black "knighthawkmill"]
[Result "1-0"]
[ICCResult "Black checkmated"]
[WhiteElo "1248"]
[BlackElo "1494"]
[Opening "King's Indian, 3.Nf3"]
[ECO "E61"]
[NIC "KI.80"]
[Time "15:11:32"]
[TimeControl "600+3"]

1. d4 Nf6 2. c4 g6 3. Nf3 Bg7 4. Nc3 c5 5. d5 O-O 6. e4 d6 7. Be2 a6 8. O-O
Nbd7 9. Re1 Rb8 10. a4 b6 11. h3 Qc7 12. Bf4 Rd8 13. Bf1 Nf8 14. e5 dxe5 15.
Bxe5 Qd7 16. Bxb8 Bb7 17. Be5 h5 18. Qe2 N8h7 19. Rad1 Bc8 20. Qe3 Re8 21.
Bd3 h4 22. Nxh4 g5 23. Nf5 g4 24. Nxg7 Kxg7 25. Qg3 Kf8 26. Bxh7 Nxh7 27.
hxg4 Qxg4 28. Qxg4 Bxg4 29. Rd2 f6 30. Bc7 Ng5 31. Bxb6 Kf7 32. Bxc5 e5 33.
Ne4 Nxe4 34. Rxe4 f5 35. Re3 f4 36. Rb3 Rc8 37. Rb7+ Kg6 38. b4 e4 39. Rb6+
Kf5 40. Rc6 Rh8 41. Bd4 f3 42. Bxh8 fxg2 43. Kxg2 e3 44. fxe3 a5 45. bxa5
Ke4 46. Rd4+ Kxe3 47. Rxg4 Kd3 48. c5 Ke3 49. Rf6 Kd3 50. Rf3+ Ke2 51. Kg3
Kd2 52. Kf4 Kc2 53. Rg2+ Kb1 54. Rf1# {Black checkmated} 1-0

[Event "ICC tourney 1904 (10 3)"]
[Site "Internet Chess Club"]
[Date "2020.07.05"]
[Round "6"]
[White "christopherelam"]
[Black "MagnumPI"]
[Result "1-0"]
[ICCResult "Black checkmated"]
[WhiteElo "1387"]
[BlackElo "1253"]
[Opening "Queen's pawn, Mason variation"]
[ECO "D00"]
[NIC "QP.08"]
[Time "15:11:25"]
[TimeControl "600+3"]

1. d4 d5 2. Bf4 Nf6 3. e3 e6 4. Nd2 a6 5. c3 c5 6. Bd3 c4 7. Bc2 Bd6 8. Bg3
Nc6 9. Ngf3 Bxg3 10. hxg3 Bd7 11. Qe2 Qe7 12. O-O-O O-O-O 13. Ba4 Na7 14.
Bxd7+ Qxd7 15. e4 Qa4 16. a3 Nb5 17. Nb1 Rhe8 18. e5 Ne4 19. Rxh7 g6 20.
Rdh1 Re7 21. Nfd2 Nxd2 22. Qxd2 Qa5 23. Qg5 Rdd7 24. Rh8+ Kc7 25. R8h7 Kc6
26. R1h6 Qd8 27. Nd2 Nxa3 28. bxa3 Qa5 29. Nb1 b5 30. Rxg6 b4 31. cxb4 Qa4
32. Rg8 Qb3 33. Rc8+ Rc7 34. Rxc7+ Rxc7 35. Qe3 Qa4 36. Qf3 Kb6 37. Rxf7 Rc6
38. Rf8 Qb3 39. Qf7 Kb5 40. Qb7+ Rb6 41. Qe7 c3 42. Qc5+ Ka4 43. Qa5#
{Black checkmated}
1-0

[Event "ICC tourney 1904 (10 3)"]
[Site "Internet Chess Club"]
[Date "2020.07.05"]
[Round "6"]
[White "hanslaw"]
[Black "ullchen"]
[Result "1-0"]
[ICCResult "Black resigns"]
[WhiteElo "1231"]
[BlackElo "1420"]
[Opening "Caro-Kann: advance variation"]
[ECO "B12"]
[NIC "CK.04"]
[Time "15:11:59"]
[TimeControl "600+3"]

1. e4 c6 2. d4 d5 3. e5 Bf5 4. Bd3 Bxd3 5. Qxd3 e6 6. Be3 Qa5+ 7. c3 Qa6 8.
Qe2 h5 9. Nd2 Qb5 10. Qxb5 cxb5 11. O-O-O Nc6 12. a3 Nge7 13. Bg5 Nf5 14.
Ne2 f6 15. exf6 gxf6 16. Bxf6 Rg8 17. g3 Bh6 18. Kc2 Rf8 19. Be5 O-O-O 20.
Kd3 Nd6 21. Bxd6 Rxd6 22. f4 Na5 23. Rhe1 Nc4 24. Nxc4 bxc4+ 25. Kc2 Rd7 26.
Ng1 h4 27. Rxe6 Rh7 28. Nf3 hxg3 29. hxg3 Kd7 30. Re2 Bxf4 31. gxf4 Rxf4 32.
Ne5+ Kd6 33. Rde1 Re7 34. Nxc4+ dxc4 35. Rxe7 {Black resigns} 1-0

[Event "ICC tourney 1904 (10 3)"]
[Site "Internet Chess Club"]
[Date "2020.07.05"]
[Round "6"]
[White "jojoraman"]
[Black "BobbyFissure"]
[Result "1-0"]
[ICCResult "Black resigns"]
[WhiteElo "1209"]
[BlackElo "1395"]
[Opening "French: advance variation"]
[ECO "C02"]
[NIC "FR.03"]
[Time "15:11:47"]
[TimeControl "600+3"]

1. e4 e6 2. d4 d5 3. e5 c5 4. c3 Bd7 5. Nf3 h6 6. Na3 cxd4 7. cxd4 Bxa3 8.
bxa3 Ne7 9. Bd3 Qa5+ 10. Qd2 Qxd2+ 11. Bxd2 O-O 12. O-O Nbc6 13. Rab1 Rab8
14. Rb2 f6 15. exf6 Rxf6 16. Rfb1 Bc8 17. Ba6 b6 18. Bb5 Rxf3 19. Bxc6 Rd3
20. Bb5 Rxd4 21. Bc3 Rg4 22. f3 Rh4 23. g3 Rh5 24. g4 Rg5 25. h4 Rf5 26.
gxf5 Nxf5 27. Be5 Rb7 28. Rh2 Re7 29. Kf2 a6 30. Bd3 b5 31. Rc1 Bb7 32. Rg1
Kf8 33. Rhg2 Kf7 34. Bxf5 exf5 35. Rxg7+ Ke6 36. Rxe7+ Kxe7 37. Rg7+ Ke6 38.
Rxb7 Kxe5 39. Rh7 d4 40. Ke2 {Black resigns} 1-0

[Event "ICC tourney 1904 (10 3)"]
[Site "Internet Chess Club"]
[Date "2020.07.05"]
[Round "6"]
[White "StevChess01"]
[Black "mrneale"]
[Result "1-0"]
[ICCResult "Black checkmated"]
[WhiteElo "1368"]
[BlackElo "1323"]
[Opening "Queen's Pawn"]
[ECO "B07"]
[NIC "QO.17"]
[Time "15:11:59"]
[TimeControl "600+3"]

1. d4 d6 2. e4 Nd7 3. c4 e5 4. Ne2 Ngf6 5. Nbc3 Be7 6. f3 Nf8 7. Be3 Ng6 8.
Qd2 O-O 9. O-O-O exd4 10. Nxd4 Ne5 11. h3 c5 12. Nc2 Nc6 13. Nd5 Nxd5 14.
cxd5 Ne5 15. f4 Nd7 16. Ne1 a6 17. Nf3 b5 18. Kb1 Nb6 19. e5 Bf5+ 20. Ka1
Be4 21. exd6 Qxd6 22. Qf2 Na4 23. Ng5 Bxg5 24. fxg5 f6 25. gxf6 Rxf6 26. Qd2
Nb6 27. Qc1 Rc8 28. Rg1 Rf5 29. Be2 Rxd5 30. Bg4 Rc7 31. Rxd5 Qxd5 32. Rd1
Qc4 33. Rd8+ Kf7 34. Qe1 Qc2 35. Qf1+ Kg6 36. Rd6# {Black checkmated} 1-0

[Event "ICC tourney 1904 (10 3)"]
[Site "Internet Chess Club"]
[Date "2020.07.05"]
[Round "6"]
[White "SamLightning"]
[Black "Priccchess"]
[Result "0-1"]
[ICCResult "White forfeits on time"]
[WhiteElo "1260"]
[BlackElo "1471"]
[Opening "QGD: 4.Bg5"]
[ECO "D50"]
[NIC "QO.16"]
[Time "15:11:16"]
[TimeControl "600+3"]

1. d4 d5 2. c4 e6 3. Nc3 Nf6 4. Bg5 Bb4 5. Qc2 Bxc3+ 6. Qxc3 h6 7. Bxf6 gxf6
8. e3 c6 9. cxd5 exd5 10. Bd3 Be6 11. Ne2 Nd7 12. Nf4 Qe7 13. a3 O-O-O 14.
b4 Kb8 15. b5 c5 16. a4 Rc8 17. O-O h5 18. Rfc1 c4 19. Be2 h4 20. h3 Rcg8
21. Bf3 Qd6 22. Rcb1 f5 23. Qb4 Qxb4 24. Rxb4 Nf6 25. a5 Ne4 26. Be2 Rg7 27.
f3 Ng3 28. Bd1 Nh5 29. b6 a6 30. Nxh5 Rxh5 31. f4 Rh8 32. Bf3 Rhg8 33. Kf2
Rg3 34. Ra2 f6 35. Rc2 R3g7 36. Rc1 Rd8 37. Rg1 Bf7 38. Rb2 Rdg8 39. Rc2 Kc8
40. Be2 Kd7 41. Bd1 Kd6 42. Rb2 Be8 43. Bc2 Bd7 44. Rb4 Rg3 45. Ba4 Bxa4 46.
Rxa4 Re8 47. Ra3 Re4 48. Rc3 Rxf4+ 49. Ke2 Rxd4 50. Rf1 Rxg2+ 51. Kf3 Rdd2
{White forfeits on time}
0-1

[Event "ICC tourney 1904 (10 3)"]
[Site "Internet Chess Club"]
[Date "2020.07.05"]
[Round "6"]
[White "steinutz"]
[Black "SuperBlueSky"]
[Result "1-0"]
[ICCResult "Black checkmated"]
[WhiteElo "1570"]
[BlackElo "1289"]
[Opening "Levitsky attack (Queen's bishop attack)"]
[ECO "D00"]
[NIC "QP.08"]
[Time "15:11:12"]
[TimeControl "600+3"]

1. d4 d5 2. Bg5 Nf6 3. Nd2 Nbd7 4. e3 c6 5. Bd3 h6 6. Bxf6 Nxf6 7. f4 Bg4 8.
Ngf3 e6 9. O-O Be7 10. c3 O-O 11. Qc2 Bxf3 12. Nxf3 c5 13. Ne5 Rc8 14. Rae1
Bd6 15. Qb1 Nd7 16. Kh1 Nb6 17. Rf3 cxd4 18. exd4 Nc4 19. Re2 Qb6 20. Nd7
Qc7 21. Nxf8 Rxf8 22. g3 Qc6 23. Qd1 Rc8 24. Bb1 b5 25. Qd3 g6 26. g4 Re8
27. h4 Qd7 28. Rg2 Qe7 29. g5 h5 30. Re2 Qd7 31. Re5 Bxe5 32. fxe5 a6 33.
Qe2 Nb6 34. Rf6 Re7 35. Qf3 Qe8 36. Kh2 Nd7 37. Rf4 Nb6 38. Rf6 Nd7 39. Rf4
Nb6 40. Qe2 Nc4 41. Rf6 Nb6 42. Rf2 Nc4 43. Bd3 Nb6 44. Qd1 Qc6 45. Be2 Nc4
46. Bxh5 gxh5 47. Qxh5 Qe8 48. Rf6 Qf8 49. g6 Qg7 50. Qg5 Kf8 51. h5 Ke8 52.
h6 Qxg6 53. Rxg6 fxg6 54. Qxg6+ Kd7 55. h7 Rxh7+ 56. Qxh7+ Kc6 57. Qc2 Kb6
58. b3 Na5 59. Qg6 Nc6 60. Qxe6 a5 61. Kg3 b4 62. cxb4 axb4 63. Qxd5 Kc7 64.
Kf4 Kb6 65. Qd6 Kb5 66. Qc5+ Ka6 67. Qxc6+ Ka5 68. Qc5+ Ka6 69. Qxb4 Ka7 70.
e6 Ka6 71. e7 Ka7 72. e8=R Ka6 73. Ra8# {Black checkmated} 1-0

[Event "ICC tourney 1904 (10 3)"]
[Site "Internet Chess Club"]
[Date "2020.07.05"]
[Round "6"]
[White "NonnaThat"]
[Black "kralj8"]
[Result "0-1"]
[ICCResult "White forfeits on time"]
[WhiteElo "1825"]
[BlackElo "1624"]
[Opening "Ruy Lopez: fianchetto (Smyslov/Barnes) defense"]
[ECO "C60"]
[NIC "RL.03"]
[Time "15:11:24"]
[TimeControl "600+3"]

1. e4 e5 2. Nf3 Nc6 3. Bb5 g6 4. O-O Bg7 5. c3 a6 6. Ba4 b5 7. Bb3 Na5 8.
Bc2 d6 9. h3 Ne7 10. d4 exd4 11. cxd4 O-O 12. Nc3 Nc4 13. Re1 Bb7 14. b3 Nb6
15. Be3 Rc8 16. Qd2 f5 17. Ng5 Qd7 18. d5 b4 19. Ne2 Bxa1 20. Rxa1 fxe4 21.
Nxe4 Nbxd5 22. Bd4 Nf5 23. Bb2 Rce8 24. Rd1 Qe7 25. N2g3 Nxg3 26. Nxg3 Nf6
27. Qxb4 Ba8 28. Qc4+ d5 29. Qxa6 Qe6 30. Qd3 c5 31. Kh2 Nd7 32. f3 Ne5 33.
Qd2 Qe7 34. f4 Nf7 35. Qc3 d4 36. Qc4 Qd6 37. Rf1 Bd5 38. Qd3 Nh6 39. Bc1
Nf5 {White forfeits on time} 0-1

[Event "ICC tourney 1904 (10 3)"]
[Site "Internet Chess Club"]
[Date "2020.07.05"]
[Round "6"]
[White "Sricharan07"]
[Black "mdbgaccp"]
[Result "1-0"]
[ICCResult "Black checkmated"]
[WhiteElo "1589"]
[BlackElo "1566"]
[Opening "Sicilian: Alapin's variation (2.c3)"]
[ECO "B22"]
[NIC "SI.46"]
[Time "15:11:59"]
[TimeControl "600+3"]

1. e4 c5 2. c3 d5 3. exd5 Qxd5 4. d4 Nf6 5. Nf3 cxd4 6. cxd4 Nc6 7. Nc3 Qa5
8. Be2 e6 9. O-O Be7 10. Bf4 a6 11. a3 Nd5 12. Nxd5 Qxd5 13. Rc1 O-O 14. Bg3
b5 15. Qc2 Bb7 16. Rfd1 Rac8 17. Qb1 Na5 18. Rxc8 Rxc8 19. Rc1 Rxc1+ 20.
Qxc1 Nc4 21. Bxc4 bxc4 22. Qc3 Bf6 23. Be5 Bxe5 24. dxe5 Qd1+ 25. Ne1 Be4
26. h3 h6 27. Kh2 Qe2 28. f3 Bd5 29. Kg3 g6 30. Nc2 Kg7 31. Ne3 Kh7 32. Ng4
h5 33. Qe3 Qxe3 34. Nxe3 g5 35. Kf2 Kg6 36. Nxd5 exd5 37. Ke3 Kf5 38. Kd4
Kf4 39. Kxd5 Kg3 40. e6 fxe6+ 41. Kxe6 Kxg2 42. Kf5 Kxh3 43. Kxg5 h4 44. f4
Kg3 45. f5 h3 46. f6 h2 47. f7 h1=Q 48. f8=Q Qh4+ 49. Kg6 Qg4+ 50. Kh7 Qh5+
51. Kg7 Qe5+ 52. Qf6 Qxf6+ 53. Kxf6 Kf3 54. Ke5 Ke3 55. Kd5 Kd3 56. Kc5 c3
57. bxc3 Kxc3 58. a4 Kb3 59. a5 Ka4 60. Kb6 Kb4 61. Kxa6 Kc5 62. Kb7 Kb5 63.
a6 Kc5 64. a7 Kd6 65. a8=Q Ke6 66. Qd8 Ke5 67. Qd7 Kf6 68. Qe8 Kg7 69. Qe6
Kh7 70. Qf6 Kg8 71. Qe7 Kh8 72. Kc6 Kg8 73. Kd6 Kh8 74. Ke6 Kg8 75. Kf6 Kh8
76. Qg7# {Black checkmated} 1-0